 Dungeon Crawl Stone Soup version 0.21.1-1-g345015fe64 (webtiles) character file.

347 Ivernyr the Charmwright (level 6, -5/44 HPs)
             Began as a Human Skald on June 4, 2018.
             Shot with an arrow by a centaur (12 damage)
             ... on level 5 of the Dungeon on June 5, 2018.
             The game lasted 00:16:27 (4923 turns).

Ivernyr the Charmwright (Human Skald)               Turns: 4923, Time: 00:16:27

Health: -5/44      AC:  6    Str: 12    XL:     6   Next: 91%
Magic:  9/9        EV: 11    Int: 13    God:
Gold:   190        SH:  4    Dex: 14    Spells: 4/9 levels left

rFire    . . .     SeeInvis .   a - +0 long sword
rCold    . . .     Gourm    .   (no shield)
rNeg     . . .     Faith    .   b - +0 ring mail
rPois    .         Spirit   .   (no helmet)
rElec    .         Reflect  +   (no cloak)
rCorr    .         Harm     .   (no gloves)
MR       .....                  p - +0 pair of boots
Stlth    +.........             e - +4 amulet of reflection
HPRegen  0.14/turn              (no ring)
MPRegen  0.11/turn              (no ring)

@: no status effects
A: no striking features
a: no special abilities


You were on level 5 of the Dungeon.
You were not hungry.

You visited 1 branch of the dungeon, and saw 5 of its levels.

You collected 190 gold pieces.

Inventory:

Hand Weapons
 a - a +0 long sword (weapon)
Missiles
 m - 15 poisoned needles
 o - 3 needles of paralysis
Armour
 b - a +0 ring mail (worn)
 p - a +0 pair of boots (worn)
Jewellery
 e - a +4 amulet of reflection (around neck)
Wands
 f - a wand of digging (5)
 q - a wand of iceblast (7)
Scrolls
 g - 5 scrolls of remove curse
 h - a scroll of fear {unknown}
 j - 2 scrolls of enchant weapon
 k - 3 scrolls of enchant armour
 l - 5 scrolls of teleportation
 n - a scroll of random uselessness {unknown}
Potions
 i - a potion of flight
 r - a potion of lignification {unknown}
 s - a potion of mutation {unknown}
Books
 c - a book of Battle

   Spells                             Type                      Level
   a - Infusion                       Charms                       1
   b - Shroud of Golubria             Charms/Translocation         2
   c - Song of Slaying                Charms                       2
   d - Spectral Weapon                Hexes/Charms                 3
   e - Regeneration                   Charms/Necromancy            3
Comestibles
 d - 15 rations


   Skills:
 - Level 2.0 Fighting
 - Level 2.0 Long Blades
 * Level 3.8 Throwing
 + Level 2.9 Armour
 - Level 2.0 Dodging
 - Level 2.0 Spellcasting
 * Level 5.1 Charms


You had 4 spell levels left.
You knew the following spells:

 Your Spells              Type           Power        Failure   Level  Hunger
a - Shroud of Golubria    Chrm/Tloc      #.........   30%         2    ###....
b - Song of Slaying       Chrm           ##......     11%         2    ###....
c - Infusion              Chrm           ##..         7%          1    ##.....


Dungeon Overview and Level Annotations

Branches:
Dungeon (5/15)
 Temple: D:4-7

Altars:
Okawaru
Wu Jian

Annotations:
D:3 LevaFresel's ghost, amateur HaHu


Message History

Found a stone staircase leading up.
There is an open door here.
A centaur comes into view.
A scorpion comes into view.
The centaur wields a shortbow.
The centaur shoots an arrow.
The arrow hits you.
There is an open door here.
You see here an arrow.
The centaur shoots an arrow.
The arrow hits you!
You see here an arrow.
The centaur shoots an arrow.
The arrow hits you but does no damage.
You see here an arrow.
The centaur shoots an arrow.
The arrow hits you!
You see here an arrow.
The centaur shoots an arrow.
The arrow misses you.
You see here an arrow.
The centaur shoots an arrow.
The arrow hits you!
* * * LOW HITPOINT WARNING * * *
You see here an arrow.
The centaur shoots an arrow.
The arrow hits you!
You die...

#.#####(###
#.....c...#
#...(.....#
.#####..(c.....#
........(##....#
#########(##....#
... #.##....#
.... #.##....#
..... #@#######
.....####.#
..........#
#.......###
##############.#
#<...........#.#
######......##.#
#.#######.# #.#
#.#


You could see a centaur.

Vanquished Creatures
  2 howler monkeys (D:4)
  An orc priest (D:4)
  A centaur skeleton (D:3)
  Ijyb (D:4)
  An orc wizard (D:3)
  8 adders
  An ooze (D:1)
  An adder skeleton (D:4)
  3 worms
  4 dart slugs
  A leopard gecko (D:1)
  2 orcs
  2 ball pythons
  4 giant cockroaches
  7 goblins
  10 hobgoblins
  5 jackals
  A quokka (D:2)
  6 bats
  2 frilled lizards (D:2)
  7 kobolds
  8 rats
78 creatures vanquished.

Notes
Turn   | Place    | Note
-------+----------+-------------------------------------------
     0 | D:1      | Ivernyr the Human Skald began the quest for the Orb.
     0 | D:1      | Reached XP level 1. HP: 16/16 MP: 3/3
    42 | D:1      | Reached XP level 2. HP: 18/22 MP: 5/5
    46 | D:1      | Learned a level 2 spell: Song of Slaying
    54 | D:1      | Learned a level 2 spell: Shroud of Golubria
   137 | D:1      | Reached skill level 1 in Throwing
   496 | D:1      | Reached XP level 3. HP: 17/27 MP: 6/6
  1396 | D:2      | Reached XP level 4. HP: 11/33 MP: 2/7
  1610 | D:2      | Found a transporter.
  1614 | D:2      | Found a transporter.
  1626 | D:2      | Found an ornate altar of the Wu Jian Council.
  2118 | D:2      | Reached skill level 4 in Charms
  2177 | D:2      | Reached XP level 5. HP: 31/38 MP: 3/8
  2507 | D:3      | Found an iron altar of Okawaru.
  3004 | D:3      | Noticed LevaFresel's ghost (amateur HaHu)
  3747 | D:4      | Noticed a hungry ghost
  3886 | D:4      | Reached XP level 6. HP: 33/44 MP: 7/9
  3987 | D:4      | Noticed Ijyb
  4001 | D:4      | Killed Ijyb
  4619 | D:4      | Reached skill level 5 in Charms
  4833 | D:5      | Entered Level 5 of the Dungeon
  4923 | D:5      | Shot with an arrow by a centaur

Skill      XL: |  1  2  3  4  5  6 |
---------------+-------------------+-----
Throwing       | 1 2 3 |  3.8
Armour         | 2 |  2.9
Charms         | 4 5 |  5.1
Fighting       | |  2.0
Long Blades    | |  2.0
Dodging        | |  2.0
Spellcasting   | |  2.0

Action                   |  1- 3 |  4- 6 || total
-------------------------+-------+-------++-------
Melee: Falchion          |    95 |   156 ||   251
       Long sword        |       |    76 ||    76
 Cast: Shroud of Golubri |     4 |    23 ||    27
       Infusion          |       |     1 ||     1
  Use: Scroll            |       |     7 ||     7
  Eat: Chunk             |     2 |    14 ||    16
Armor: Leather armour    |    28 |    46 ||    74
       Ring mail         |       |    14 ||    14
Dodge: Dodged            |    54 |   162 ||   216
Block: Other             |     8 |    28 ||    36
       Rpst.: Falchion   |    18 |    40 ||    58
       Long sword        |       |    18 ||    18
